 Dungeon Crawl Stone Soup version 0.30-a0-219-gf2db51d15e (webtiles) character file.

Game seed: 16384529147283710929

6442 Flugkiller the Grappler (level 11, -15/116 HPs)
             Began as a Meteoran Chaos Knight on Oct 6, 2022.
             Was a Plaything of Xom.
             Demolished by Urug
             ... wielding a +6 scimitar
              (33 damage)
             ... on level 10 of the Dungeon.
             The game lasted 00:24:12 (4468 turns).

Flugkiller the Grappler (Meteoran Chaos Knight)     Turns: 4468, Time: 00:24:12

Health: -15/116    AC:  7    Str: 17    XL:     11   Next: 41%
Magic:  15/19      EV: 14    Int: 16    God:    Xom [..*...]
Gold:   475        SH:  0    Dex: 19    Spells: 11/20 levels left

rFire   x . .      SeeInvis .      - Unarmed
rCold   + + +      Faith    .    (shield currently unavailable)
rNeg    . . .      Spirit   .    (body armour currently unavailable)
rPois   +          Reflect  .    (helmet currently unavailable)
rElec   .          Harm     .    (cloak currently unavailable)
rCorr   .          Rampage  .    (gloves currently unavailable)
Will    +....                    (boots currently unavailable)
Stlth   +.........               A - amulet of regeneration
HPRegen 1.19/turn                p - ring of protection from cold
MPRegen 0.16/turn                C - +6 ring of dexterity

@: ice-form, wereblooded, glowing
A: freezing attack, amphibious, boosted hp, large, sense surroundings 2,
otherworldly, glowing, explore regen
a: End Transformation, Renounce Religion


You were on level 10 of the Dungeon.
You worshipped Xom.
You were a toy of Xom.
You were a creature of crystalline ice.
You visited 1 branch of the dungeon, and saw 10 of its levels.

You collected 475 gold pieces.

Inventory:

Missiles
 g - 9 boomerangs
 B - 8 javelins
Armour
 a - a +2 leather armour
 f - a +0 helmet (melded)
   (You took it off Robin on level 2 of the Dungeon)
 k - a +1 pair of boots (melded)
   (You found it on level 4 of the Dungeon)
 v - a +0 cloak (melded)
   (You found it on level 5 of the Dungeon)
 E - a +2 robe of cold resistance (melded)
   (You took it off Dowan on level 6 of the Dungeon)
 I - a +0 pair of gloves (melded)
   (You found it on level 7 of the Dungeon)
 L - +0 steam dragon scales
   (You found it on level 8 of the Dungeon)
Magical Staves
 N - a staff of cold
   (You found it on level 8 of the Dungeon)
Jewellery
 l - a ring of positive energy
   (You found it on level 3 of the Dungeon)
 p - a ring of protection from cold (left front paw)
   (You found it on level 1 of the Dungeon)
 s - a ring of fire
   (You found it on level 1 of the Dungeon)
 A - an amulet of regeneration (around neck)
   (You found it on level 5 of the Dungeon)
 C - a +6 ring of dexterity (right front paw)
   (You found it on level 6 of the Dungeon)
 H - an amulet of faith
   (You found it on level 7 of the Dungeon)
 T - an amulet of guardian spirit
   (You found it on level 8 of the Dungeon)
 U - an amulet of reflection
   (You took it off an orc on level 9 of the Dungeon)
Wands
 e - a wand of iceblast (7)
   (You found it on level 4 of the Dungeon)
 j - a wand of mindburst (14)
   (You found it on level 2 of the Dungeon)
 M - a wand of polymorph (3)
   (You found it on level 7 of the Dungeon)
Scrolls
 c - 2 scrolls of vulnerability
 i - a scroll of enchant armour
 m - a scroll of immolation
 o - 2 scrolls of poison
 t - 3 scrolls of teleportation
 y - a scroll of magic mapping
 F - a scroll of amnesia {unknown}
 O - a scroll of acquirement {unknown}
 P - a scroll of torment
 Q - a scroll of summoning {unknown}
 R - 3 scrolls of enchant weapon {unknown}
Potions
 d - a potion of might
 h - 2 potions of haste
 n - a potion of resistance
 q - 7 potions of curing
 r - a potion of cancellation {unknown}
 u - a potion of ambrosia {unknown}
 x - a potion of magic {unknown}
 z - 2 potions of degeneration {unknown}
 D - a potion of mutation {unknown}
 G - a potion of invisibility {unknown}
 J - a potion of flight {unknown}
 K - 2 potions of attraction {unknown}
 S - a potion of lignification {unknown}
 V - 2 potions of berserk rage {unknown}
Miscellaneous
 b - a piece from Xom's chessboard (15/15) (quivered)


   Skills:
 * Level 9.1 Fighting
 - Level 2.4 Armour
 + Level 7.7 Dodging
 * Level 11.6 Unarmed Combat
 - Level 5.2 Spellcasting
 - Level 8.0 Transmutations
 - Level 3.5 Ice Magic
 - Level 1.0 Poison Magic


You had 11 spell levels left.
You knew the following spells:

 Your Spells              Type           Power      Damage    Failure   Level
a - Spider Form           Tmut/Pois      18%        N/A       7%          3
b - Ice Form              Ice/Tmut       22%        N/A       14%         4
c - Wereblood             Tmut           29%        N/A       1%          2

Your spell library contained the following spells:

 Spells                   Type           Power      Damage    Failure   Level
 Beastly Appendage        Tmut           58%        N/A       1%          1
 Necrotise                Necr           16%        1d4       16%         1
 Hailstorm                Conj/Ice       9%         3d4       22%         3
 Call Canine Familiar     Summ           4%         N/A       41%         3
 Dazzling Flash           Conj/Hex       8%         N/A       41%         3
 Portal Projectile        Hex/Tloc       8%         N/A       41%         3
 Airstrike                Air            2%         2d(1-17)  83%         4
 Leda's Liquefaction      Hex/Erth       2%         N/A       83%         4
 Summon Lightning Spire   Summ/Air       4%         N/A       83%         4
 Agony                    Necr           4%         N/A       99%         5
 Lightning Bolt           Conj/Air       2%         1d13      99%         5
 Silence                  Hex/Air        2%         N/A       99%         5
 Simulacrum               Ice/Necr       4%         N/A       100%        6


Dungeon Overview and Level Annotations

Branches:
Dungeon (10/15) Zot: 1619  Temple (0/1) D:7             Orc (0/2) D:9
   Lair: D:8-11

Altars:
Ashenzari
Dithmenos
Gozag
Makhleb
Sif Muna

Annotations:
D:4 2 runed translucent doors
D:10 Urug


Innate Abilities, Weirdness & Mutations

You are a creature of crystalline ice.
You have a powerful freezing melee attack.
You are amphibious.
Your maximum health is increased.
Your armour is entirely melded.
You are incapable of wielding weapons or throwing items.
You passively map the area around you.
You are easily found by Zot.
You glow in the dark.
You regain HP and MP as you explore.


Message History

The orc is almost dead.
The orc hits you with a +0 hand axe. Something completely misses you.
You barely miss the orc.
The orc is almost dead.
The orc misses you. Something hits you.
You hit the orc. You freeze the orc.
You feel a bit better.
You kill the orc!
You hit something. You freeze something. You punch something!
You freeze something.
You feel a bit better.
Reactivating autopickup.
You feel a bit more experienced.
You hear some strange, mumbled words.
A puff of flame appears from out of thin air!
The puff of flame hits something!
Xom is highly amused!
Things that are here:
a +0 dagger; a +0 robe; an orc corpse The orc barely misses you.
Something hits you but does no damage.
Deactivating autopickup; reactivate with Ctrl-A.
There is an open door here.
Things that are here:
a +0 dagger; a +0 robe You punch the orc!
You freeze the orc.
You feel a bit better.
You kill the orc!
Something hits you but does no damage.
No target in view!
No target in view!
No target in view!
You punch something! You freeze something.
Reactivating autopickup.
You feel a bit more experienced.
Found 2 silvery potions.
Things that are here:
a +0 dagger; a +0 robe You howl as the wereblood boils in your veins!
Things that are here:
a +0 hand axe; an orc corpse You pick up a book of Storms and begin reading...
You add the spells Airstrike, Summon Lightning Spire and Lightning Bolt to your library.
V - 2 silvery potions You open the door.
Your transformation is almost over.
You are now a toy of Xom.
There is an open door here.
You open the door.
You warm up again.
Your +0 cloak unmelds from your body.
Your +0 helmet unmelds from your body.
Your +0 pair of gloves unmelds from your body.
Your +1 pair of boots unmelds from your body.
Your +2 robe of cold resistance unmelds from your body.
You feel resistant to cold.
You howl as the wereblood boils in your veins!
There is an open door here.
Your primal bloodlust is almost over.
You open the door.
Urug the Orcish Ballista comes into view.
She is wielding a +6 scimitar and quivering silver javelins.
You howl as the wereblood boils in your veins!
Urug throws a silver javelin.
The silver javelin misses you.
Unknown command.
Your primal bloodlust has ended.
Casting: Wereblood (safe; 1% risk of failure)
Confirm with . or Enter, or press ? or * to list all spells.
You turn into a creature of crystalline ice.
Your +0 cloak melds into your body.
Your +0 helmet melds into your body.
Your +0 pair of gloves melds into your body.
Your +1 pair of boots melds into your body.
Your +2 robe of cold resistance melds into your body.
You feel less resistant to cold.
Casting: Ice Form (dangerous; 14% risk of failure)
Confirm with . or Enter, or press ? or * to list all spells.
Your blood is infused with primal strength.
You hit Urug but do no damage.
You hear Xom's avuncular chuckle.
Urug flickers and vanishes!
Deactivating autopickup; reactivate with Ctrl-A.
Something hits you!
No target in view!
No target in view!
You pummel something!! You freeze something. Something hits you!
You hit something but do no damage. You punch something! You freeze something.
Something hits you!!
Unknown command.
Unknown command.
Okay, then.
Okay, then.
You hit something. You freeze something. Something hits you!!
Unknown command.
You punch something! You freeze something. Something hits you!
* * * LOW HITPOINT WARNING * * *
Unknown command.
You closely miss something. Something hits you!!
* * * LOW HITPOINT WARNING * * *
Unknown command.
Okay, then.
You feel better. Something barely misses you.
Unknown command.
As you read the scroll of butterflies, it crumbles to dust.
You hear the tinkle of a tiny bell.
Something hits you!!
You die...
Xom cackles wildly!

, , * ,+.....+ , , *>,
,, ** #.....# * , ,, ,,
* ,, #.....# ,,,, ..
*..... , ,.. * *,... **
* *##.* #'# , ##.. #.#
* #..* ####b# * * #.#
#bY{b# , , , ###[#####
##b#######* , *
........#### #bb......#
***
#.#####....###bb......+
* ,
#.#.....##.)##bb......#
, ,
###.#######.)bbb......#
, ,, ..#.#...
####........# * +
#.#.#.# * #........#
*## #.....#,*
######'### ##..,


There were no monsters in sight!

Vanquished Creatures
  A two-headed ogre (D:9)
  Pikel (D:4)
  A troll (D:9)
  A hornet (D:7)
  3 wyverns
  A wraith (D:9)
  A steam dragon (D:8)
  7 yaks (D:9)
  Menkaure (D:4)
  A water moccasin (D:4)
  2 acid dragons
  Duvessa (D:6)
  An ice beast (D:7)
  An orc warrior (D:7)
  A swamp drake (D:10)
  A black bear (D:5)
  4 wolves (D:10)
  A centaur (D:5)
  2 bullfrogs (D:7)
  3 scorpions (D:5)
  A necrophage (D:4)
  4 wights (D:8)
  5 killer bees
  Dowan (D:6)
  A howler monkey (D:5)
  3 jellies
  2 hounds
  6 orc priests (D:9)
  A gnoll bouda (D:5)
  2 iguanas (D:4)
  4 orc wizards
  Robin (D:2)
  8 gnolls
  4 adders
  A shadow imp (D:7)
  2 white imps
  3 ufetubi
  4 worms
  2 dart slugs
  42 orcs
  6 endoplasms
  3 giant cockroaches
  9 hobgoblins
  4 jackals (D:1)
  6 kobolds
  A quokka (D:1)
  9 ball pythons
  6 bats
  20 goblins
  7 rats
203 creatures vanquished.

Vanquished Creatures (collateral kills)
  A water moccasin (D:5)
  An orc warrior (D:7)
  3 orc priests (D:7)
  2 orcs (D:7)
7 creatures vanquished.

Vanquished Creatures (others)
  An orc wizard (D:10)
  A fungus (D:1)
2 creatures vanquished.

Grand Total: 212 creatures vanquished

Notes
Turn   | Place    | Note
-------+----------+-------------------------------------------
     0 | D:1      | Flugkiller the Meteoran Chaos Knight began the quest for
                  | the Orb.
     0 | D:1      | Reached XP level 1. HP: 19/19 MP: 2/2
    68 | D:1      | XOM: silly message
    84 | D:1      | Reached skill level 4 in Unarmed Combat
    84 | D:1      | Reached XP level 2. HP: 16/26 MP: 3/3
   197 | D:1      | XOM: silly message
   226 | D:1      | XOM: silly message
   241 | D:2      | XOM: potion effect (curing)
   246 | D:2      | Reached XP level 3. HP: 28/31 MP: 4/4
   302 | D:1      | Reached skill level 5 in Unarmed Combat
   347 | D:1      | You fall into a shaft and drop 1 floor!
   390 | D:2      | XOM: silly message
   399 | D:2      | Reached XP level 4. HP: 26/38 MP: 5/5
   405 | D:1      | Found a faded altar of an unknown god.
   411 | D:1      | Got Plato's Octavo of Unholy Liturgies
   428 | D:1      | Learned a level 3 spell: Spider Form
   576 | D:2      | XOM: divination: magic mapping
   622 | D:2      | Reached skill level 1 in Spellcasting
   630 | D:2      | Noticed Robin
   660 | D:2      | Reached skill level 1 in Poison Magic
   682 | D:2      | XOM: cloud trail
   689 | D:2      | XOM: divination: detect items
   723 | D:2      | Reached skill level 1 in Transmutations
   739 | D:2      | Killed Robin
   740 | D:2      | Reached XP level 5. HP: 34/43 MP: 6/8
  1135 | D:3      | XOM: noise
  1250 | D:4      | Found a shadowy altar of Dithmenos.
  1253 | D:4      | Noticed a water moccasin
  1256 | D:4      | XOM: silly message
  1263 | D:4      | XOM: confuse monster(s)
  1274 | D:4      | Killed a water moccasin
  1275 | D:4      | Reached skill level 6 in Unarmed Combat
  1275 | D:4      | Reached XP level 6. HP: 44/51 MP: 8/11
  1358 | D:4      | XOM: 1-stop teleportation journey
  1378 | D:4      | XOM: god gift: 7 gold pieces
  1496 | D:4      | Noticed Pikel
  1507 | D:4      | XOM: potion effect (might)
  1508 | D:4      | Killed Pikel
  1509 | D:4      | Reached skill level 8 in Unarmed Combat
  1509 | D:4      | Reached skill level 5 in Transmutations
  1509 | D:4      | Reached XP level 7. HP: 18/57 MP: 10/12
  1509 | D:4      | Reached XP level 8. HP: 20/63 MP: 10/13
  1560 | D:4      | Found a burning altar of Makhleb.
  1651 | D:4      | Noticed Menkaure
  1652 | D:4      | Found a large runed translucent door.
  1656 | D:4      | Found a large runed translucent door.
  1667 | D:4      | Killed Menkaure
  1697 | D:4      | XOM: divination: detect items
  1704 | D:4      | XOM: silly message
  1811 | D:5      | Entered Level 5 of the Dungeon
  1921 | D:5      | Gained mutation: You passively map the area around you.
                  | [Meteoran growth]
  1921 | D:5      | Reached XP level 9. HP: 28/72 MP: 12/14
  1924 | D:5      | XOM: enchant monster (bad)
  1970 | D:5      | Learned a level 4 spell: Ice Form
  1970 | D:5      | Found an opulent altar of Gozag.
  1986 | D:5      | XOM: enchant monster (good)
  2055 | D:5      | XOM: 1-stop teleportation journey
  2059 | D:5      | Reached skill level 5 in Fighting
  2114 | D:5      | XOM: confusion (+ monsters)
  2257 | D:5      | XOM: cast spell 'Summon Mana Viper'
  2261 | D:5      | Reached skill level 5 in Dodging
  2292 | D:5      | Reached skill level 1 in Ice Magic
  2336 | D:6      | XOM: silly message
  2540 | D:6      | Noticed Duvessa
  2552 | D:6      | Killed Duvessa
  2553 | D:6      | Noticed Dowan
  2555 | D:6      | XOM: confusion (+ monsters)
  2565 | D:6      | Killed Dowan
  2769 | D:7      | Reached skill level 5 in Spellcasting
  2868 | D:7      | Noticed a hornet
  2874 | D:7      | Killed a hornet
  2875 | D:7      | Reached XP level 10. HP: 66/81 MP: 16/18
  2905 | D:7      | XOM: summons 8 friendly demons
  2933 | D:7      | XOM: silly message
  2982 | D:7      | Found a staircase to the Ecumenical Temple.
  3110 | D:8      | Reached skill level 9 in Unarmed Combat
  3311 | D:8      | Found a shimmering blue altar of Sif Muna.
  3835 | D:9      | XOM: smoke on damage
  3838 | D:9      | Reached skill level 10 in Unarmed Combat
  3840 | D:9      | Noticed a two-headed ogre
  3848 | D:9      | Killed a two-headed ogre
  3914 | D:9      | XOM: swap monsters
  3920 | D:9      | XOM: draining
  3937 | D:9      | Reached XP level 11. HP: 46/84 MP: 15/19
  3938 | D:9      | XOM: enchant monster (bad)
  3950 | D:9      | XOM: summons 2 hostile demons
  3953 | D:9      | XOM: enchant monster (bad)
  3958 | D:9      | XOM: potion effect (brilliance)
  4013 | D:9      | Reached skill level 11 in Unarmed Combat
  4139 | D:9      | XOM: potion effect (curing)
  4144 | D:9      | Found a staircase to the Orcish Mines.
  4214 | D:9      | Found a broken altar of Ashenzari.
  4312 | D:10     | Entered Level 10 of the Dungeon
  4326 | D:10     | Noticed Grum
  4326 | D:10     | XOM: cleaving
  4337 | D:10     | Grum changed into Grum the swamp drake
  4337 | D:10     | Noticed Grum
  4337 | D:10     | XOM: polymorph Grum -> Grum the swamp drake
  4342 | D:10     | Killed Grum the swamp drake
  4387 | D:10     | Learned a level 2 spell: Wereblood
  4450 | D:10     | Noticed Urug
  4460 | D:10     | XOM: enchant monster (bad)
  4466 | D:10     | HP: 5/116 [something (27)]
  4468 | D:10     | Demolished by Urug

Illustrated notes

Levels and vault maps discovered:
D:1:      ncdulo_wetmaze, layout_basic, shapermc_ecumenical_altar_rom_forum
D:2:      layout_rooms, uniq_robin
D:3:      layout_basic
D:4:      layout_basic, mainiacjoe_overflow_24_doors,
          grunt_dithmenos_smoke_and_mirrors, jmf_multi_god_temple2,
          st_stairs_11, uniq_pikel, uniq_menkaure
D:5:      layout_basic, mainiacjoe_overflow_chevrons, st_stairs_2
D:6:      layout_basic, uniq_duvessa
D:7:      layout_loops_ring, temple_doors_e, david_defended_altar_orc
D:8:      layout_basic, nicolae_overflow_hidden_temple, nicolae_titane
D:9:      layout_basic, pf_just_have_faith, hiddenorc2_lemuel
D:10:     layout_roguey, amcnicky_altar_gilded, serial_shops,
          nicolae_inconvenience_store, uniq_urug, uniq_grum

Skill      XL: |  1  2  3  4  5  6  7  8  9 10 11 |
---------------+----------------------------------+-----
Unarmed Combat | 4 5 6 8 10 11 | 11.6
Spellcasting   | 1 2 3 5 |  5.2
Poison Magic   | 1 |  1.0
Transmutations | 1 2 5 6 8 |  8.0
Fighting       | 4 5 7 9 |  9.1
Dodging        | 3 5 6 7 |  7.7
Ice Magic      | 3 |  3.5
Armour         | |  2.4

Action                   |  1- 3 |  4- 6 |  7- 9 | 10-12 || total
-------------------------+-------+-------+-------+-------++-------
Melee: Unarmed           |    69 |   169 |   193 |   208 ||   639
       Punch             |     1 |     5 |     1 |     2 ||     9
 Cast: Spider Form       |       |     1 |    21 |    10 ||    32
       Ice Form          |       |       |     2 |    11 ||    13
       Wereblood         |       |       |       |     2 ||     2
 Abil: End Transformatio |       |       |     3 |       ||     3
Evoke: Wand              |       |       |       |     1 ||     1
  Use: Scroll            |       |     1 |     8 |     5 ||    14
       Potion            |       |       |       |     1 ||     1
 Stab: Confused          |       |     2 |       |       ||     2
       Distracted        |       |       |       |     1 ||     1
Armor: Leather armour    |    39 |    44 |    21 |       ||   104
       Skin              |       |       |     9 |    24 ||    33
       Robe              |       |       |     5 |    13 ||    18
Dodge: Dodged            |    39 |    61 |   120 |   139 ||   359

Table legend: (Time is in decaauts)
 A = Elapsed time spent in this place.
 B = Non-inter-level travel time spent in this place.
 C = Inter-level travel time spent in this place.
 D = Time resting spent in this place.
 E = Time spent auto-exploring this place.
 F = Levels seen in this place.
 G = Mean time per level.
                   A        B        C        D        E       F      G
               +--------+--------+--------+--------+--------+-----+--------+
         Total |   4379 |   4104 |    275 |      0 |      0 |  10 |  437.9 |
       Dungeon |   4379 |   4104 |    275 |      0 |      0 |  10 |  437.9 |
               +--------+--------+--------+--------+--------+-----+--------+

Top non-repeatable levels by time:
     D:9: 648 daAuts
     D:4: 560 daAuts
     D:7: 527 daAuts
     D:5: 483 daAuts
     D:8: 455 daAuts
     D:1: 446 daAuts
     D:3: 416 daAuts
     D:2: 356 daAuts
     D:6: 335 daAuts
    D:10: 147 daAuts
